Map: Central Protocol

Players

Ekkiejj

  • Race: Zerg Zerg
  • League: Platinum

Sziky - Winner!

  • Race: Zerg Zerg
  • League: Master

VOD

Have the link to the VOD?

Description

Time

  • Played on: Nov. 13, 2015, 10:40 a.m.
  • Length: 10:44
Show
View Real Time Build Order
Export as new Build Order

Ekkiejj Zerg 

Build Orders: Pool First 

Get SALT Encoding   

  12  0:00  Drone  
  13  0:12  Overlord  
  13  0:17  Drone  
  14  0:30  Drone x2  
  14  0:35  Drone  
  17  0:44  Spawning Pool  
  17  0:48  Drone  
  18  1:11  Drone  
  18  1:12  Hatchery  
  18  1:14  Extractor  
  18  1:16  Drone  
  17  1:20  Drone  
  18  1:28  Drone  
  19  1:32  Queen  
  22  1:40  Zergling x2  
  22  1:50  Overlord  
  22  2:08  Queen  
  22  2:11  Drone x2  
  26  2:21  Metabolic Boost  
  26  2:23  Drone  
  26  2:24  Queen  
  26  2:26  Drone  
  30  2:34  Drone  
  31  2:41  Zergling x2  
  32  2:50  Overlord  
  32  2:51  Drone x3  
  32  2:52  Drone  
  36  3:11  Hatchery  
  34  3:22  Drone  
  34  3:23  Drone x6  
  34  3:24  Drone  
  42  3:39  Drone x2  
  44  3:43  Roach Warren  
  44  3:45  Extractor  
  44  3:46  Extractor  
  41  3:49  Overlord x2  
  41  3:51  Spine Crawler  
  41  3:52  Spine Crawler  
  41  3:54  Zergling x2  
  41  3:55  Zergling x8  
  44  4:09  Zergling x8  
  45  4:22  Drone x3  
  42  4:29  Queen  
  44  4:34  Lair  
  44  4:38  Evolution Chamber  
  43  4:40  Drone x3  
  43  4:41  Drone x2  
  48  4:51  Roach x3  
  54  4:54  Drone x3  
  54  4:56  Drone x2  
  59  5:10  Evolution Chamber  
  59  5:12  Ravager  
  59  5:16  Evolution Chamber  
  59  5:17  Drone  
  59  5:29  Zerg Missile Weapons Level 1  
  59  5:31  Drone x4  
  59  5:32  Glial Reconstitution  
  59  5:34  Extractor  
  62  5:41  Drone  
  62  5:42  Drone  
  65  5:46  Extractor  
  64  5:55  Drone  
  64  5:57  Overlord x4  
  65  6:02  Zerg Ground Armor Level 1  
  65  6:26  Hydralisk Den  
  65  6:30  Spore Crawler  
  63  6:32  Spore Crawler  
  63  6:33  Spore Crawler  
  63  6:34  Roach x2  
  63  6:35  Roach x10, Zergling x10  
  63  6:37  Overlord x2  
  90  6:40  Spore Crawler  
  90  6:43  Spore Crawler  
  86  6:57  Drone  
  86  6:58  Drone x7  
  94  7:10  Hydralisk  
  94  7:11  Hydralisk  
  94  7:14  Overlord  
  98  7:29  Overlord  
  98  7:30  Overlord  
  98  7:33  Queen  
  98  7:36  Hydralisk  
  98  7:37  Hydralisk x3  
  105  7:51  Hydralisk x6  
  101  7:52  Hydralisk  
  113  8:04  Hydralisk x3  
  118  8:09  Overseer  
  118  8:11  Overseer x2  
  118  8:17  Roach x2  
  118  8:18  Overlord x2  
  122  8:36  Overseer  
  122  8:38  Queen  
  124  8:41  Hydralisk  
  124  8:42  Hydralisk x4  
  134  8:56  Overseer  
  134  8:59  Zergling x2  
  134  9:00  Zergling x6  
  138  9:14  Roach  
  94  9:42  Roach  
  94  9:43  Roach x16  
  108  9:47  Roach, Zergling x2  
  108  9:48  Zergling x4  
Show
View Real Time Build Order
Export as new Build Order

Sziky Zerg - Winner!

Build Orders: Hatch First 

Get SALT Encoding   

  12  0:02  Drone  
  13  0:08  Drone  
  14  0:16  Overlord  
  14  0:35  Drone x2  
  15  0:36  Drone  
  17  0:55  Hatchery  
  16  0:58  Drone  
  16  1:00  Drone  
  18  1:14  Spawning Pool  
  18  1:16  Extractor  
  18  1:18  Drone  
  17  1:21  Drone  
  18  1:29  Overlord  
  18  2:01  Zergling x2  
  18  2:02  Queen, Zergling x2  
  18  2:04  Drone  
  18  2:07  Drone, Queen  
  26  2:13  Drone  
  27  2:15  Metabolic Boost  
  27  2:18  Drone  
  28  2:25  Drone  
  29  2:31  Drone  
  29  2:36  Drone  
  31  2:40  Baneling Nest  
  31  2:42  Drone  
  31  2:46  Drone  
  31  2:48  Queen  
  31  2:51  Drone  
  35  3:01  Drone  
  36  3:09  Overlord  
  36  3:19  Lair  
  35  3:23  Zergling x2  
  36  3:27  Zergling x6  
  36  3:28  Zergling x6  
  36  3:30  Overlord  
  42  3:36  Extractor  
  42  3:37  Drone x2  
  42  3:40  Baneling x2  
  43  3:46  Overlord  
  43  3:52  Spine Crawler  
  43  3:55  Zergling x4  
  43  3:56  Overlord  
  43  3:59  Extractor  
  43  4:00  Drone  
  44  4:04  Overlord  
  44  4:14  Drone x3  
  46  4:20  Drone x2  
  46  4:21  Drone x3  
  47  4:32  Spire  
  47  4:33  Drone  
  48  4:38  Drone x2  
  49  4:48  Baneling  
  49  4:49  Baneling  
  49  4:54  Drone x2  
  49  4:56  Drone x4, Extractor  
  54  5:06  Overseer  
  54  5:07  Overlord  
  54  5:17  Overlord x2  
  53  5:38  Hatchery  
  52  5:45  Mutalisk x4  
  52  5:46  Mutalisk x2  
  64  5:50  Drone x3  
  64  5:56  Spine Crawler  
  66  5:57  Spine Crawler  
  66  5:58  Zerg Flyer Weapons Level 1  
  66  6:03  Mutalisk  
  67  6:05  Zergling x2  
  67  6:06  Zergling x6  
  71  6:13  Drone  
  71  6:14  Drone  
  73  6:19  Mutalisk, Spine Crawler  
  73  6:21  Mutalisk  
  76  6:28  Drone x5  
  81  6:33  Drone x2  
  81  6:38  Drone x2  
  81  6:39  Evolution Chamber  
  84  6:52  Drone x4  
  88  6:58  Mutalisk x2  
  88  7:01  Mutalisk x2  
  90  7:07  Drone x3  
  97  7:10  Zerg Missile Weapons Level 1  
  97  7:13  Extractor  
  97  7:14  Roach Warren  
  97  7:15  Drone x2, Extractor  
  96  7:18  Drone x2  
  96  7:19  Overlord  
  98  7:53  Roach x2  
  98  7:54  Roach  
  98  7:55  Roach  
  98  7:56  Overlord x4  
  106  8:03  Overlord x2  
  106  8:05  Overlord x2  
  106  8:06  Glial Reconstitution  
  106  8:10  Evolution Chamber  
  106  8:12  Overlord x2  
  105  8:18  Hatchery  
  104  8:20  Ravager x3  
  104  8:23  Roach x4  
  104  8:24  Roach x2  
  104  8:26  Roach x2  
  122  8:32  Roach  
  124  8:35  Roach  
  124  8:36  Roach  
  124  8:40  Roach  
  124  8:41  Roach x2  
  133  8:42  Zerg Ground Armor Level 1  
  133  8:46  Roach x4  
  141  8:48  Ravager  
  141  8:49  Ravager x3  
  141  8:50  Roach  
  141  8:53  Roach  
  149  9:00  Roach x2  
  153  9:04  Roach  
  155  9:11  Roach x2  
  155  9:12  Roach  
  155  9:13  Baneling  
  155  9:14  Baneling x7  
  161  9:18  Overlord x2  
  158  9:33  Roach x3  
  158  9:37  Roach x3  
  158  9:38  Roach x5  
  151  9:43  Roach  
  151  9:44  Roach  
  134  9:47  Roach  
  134  9:49  Roach  
  134  9:51  Queen  
  122  9:56  Roach  
  120  10:18  Roach  
  120  10:19  Roach x7  
Tags
 
Add a new tag
Caveats
  • Supply blocks, unpowered buildings, or Contaminate may cause inaccurate times.
  • Supply counts are checked every 10 seconds.